SNL (28 & UNDER)
SANTA FE DIABLOS @ KEY WEST BARRACUDAS
07/01/2030
 
TOP OF THE 1ST
Santa Fe Diablos batting - Pitching for Key West Barracudas : RHP Chuck Davies
Pitching: RHP Chuck Davies
Batting: LHB David Hernández 0-0: Ball
1-0: Ground out U3 (Groundball, 34S)
Batting: LHB Juan Torres 0-0: Ball
1-0: Ball
2-0: Called Strike
2-1: SOLO HOME RUN (Flyball, 9LD), Distance : 344 ft
Batting: LHB Merrill Erickson 0-0: Ball
1-0: Ball
2-0: Called Strike
2-1: Ball
3-1: DOUBLE (Flyball, 89D)
Batting: LHB Arturo Rodledo 0-0: Swinging Strike
0-1: Called Strike
0-2: Ball
1-2: Fly out, F8 (Flyball, 78D)
Batting: RHB Frank Martínez 0-0: Called Strike
0-1: Ball
1-1: Foul Ball, location: 2F
1-2: Strikes out swinging
Top of the 1st over - 1 run, 2 hits, 0 errors, 1 left on base; Santa Fe 1 - Key West 0
BOTTOM OF THE 1ST
Key West Barracudas batting - Pitching for Santa Fe Diablos : RHP Josh Carson
Pitching: RHP Josh Carson
Batting: RHB Ramiro Javier 0-0: Ground out 3-1 (Groundball, 34)
Batting: SHB Eric Pimentel 0-0: Foul Ball, location: 2F
0-1: Called Strike
0-2: Foul Ball, location: 2F
0-2: Foul Ball, location: 2F
0-2: Ball
1-2: Strikes out swinging
Batting: RHB Rob DeWitt 0-0: Ball
1-0: Swinging Strike
1-1: Foul Ball, location: 2F
1-2: Ball
2-2: Strikes out swinging
Bottom of the 1st over - 0 runs, 0 hits, 0 errors, 0 left on base; Santa Fe 1 - Key West 0
TOP OF THE 2ND
Santa Fe Diablos batting - Pitching for Key West Barracudas : RHP Chuck Davies
Batting: SHB Ángel Díaz 0-0: Ground out U3 (Groundball, 3)
Batting: RHB Nick Vogel 0-0: Called Strike
0-1: Foul Ball, location: 2F
0-2: Strikes out swinging
Batting: RHB Nate Atkinson 0-0: Ball
1-0: Foul Ball, location: 2F
1-1: Called Strike
1-2: SOLO HOME RUN (Line Drive, 7LD), Distance : 336 ft
Batting: LHB Luis Gallegos 0-0: Ball
1-0: Ball
2-0: Called Strike
2-1: Ball
3-1: Swinging Strike
3-2: Base on Balls
Batting: LHB David Hernández 0-0: Ball
Passed Ball!
Luis Gallegos to second
1-0: Ball
2-0: Called Strike
2-1: Called Strike
2-2: Foul Ball, location: 2F
2-2: Foul Ball, location: 2F
2-2: Foul Ball, location: 2F
2-2: Strikes out swinging
Top of the 2nd over - 1 run, 1 hit, 0 errors, 1 left on base; Santa Fe 2 - Key West 0
BOTTOM OF THE 2ND
Key West Barracudas batting - Pitching for Santa Fe Diablos : RHP Josh Carson
Batting: RHB Cris Lugo 0-0: Ball
1-0: Ball
2-0: Fly out, F7 (Line Drive, 7)
Batting: SHB Brock Owens 0-0: Ball
1-0: Ground out 4-3 (Groundball, 4D)
Batting: LHB Howard White 0-0: Called Strike
0-1: Called Strike
0-2: Ball
1-2: Ball
2-2: Foul Ball, location: 2F
2-2: Foul Ball, location: 2F
2-2: Ground out U3 (Groundball, 3L)
Bottom of the 2nd over - 0 runs, 0 hits, 0 errors, 0 left on base; Santa Fe 2 - Key West 0
TOP OF THE 3RD
Santa Fe Diablos batting - Pitching for Key West Barracudas : RHP Chuck Davies
Batting: LHB Juan Torres 0-0: Called Strike
0-1: Foul Ball, location: 2F
0-2: Ball
1-2: Foul Ball, location: 2F
1-2: Ball
2-2: Foul Ball, location: 2F
2-2: Ground out U3 (Groundball, 3S)
Batting: LHB Merrill Erickson 0-0: Ball
1-0: Ball
2-0: Called Strike
2-1: Ground out 6-3 (Groundball, 56D)
Batting: LHB Arturo Rodledo 0-0: Called Strike
0-1: Ball
1-1: Ball
2-1: Ball
3-1: Swinging Strike
3-2: Base on Balls
Batting: RHB Frank Martínez 0-0: Ball
1-0: Ball
2-0: Called Strike
2-1: Ball
3-1: Foul Ball, location: 2F
3-2: Foul Ball, location: 2F
3-2: SINGLE (Flyball, 9S)
Arturo Rodledo to second
Arturo Rodledo to third
Batting: SHB Ángel Díaz 0-0: Ball
1-0: Ball
2-0: Ball
3-0: Called Strike
3-1: Foul Ball, location: 2F
3-2: SINGLE (Groundball, 25) (infield hit)
Arturo Rodledo scores
Frank Martínez to second
Batting: RHB Nick Vogel 0-0: Called Strike
0-1: Ground out 4-3 (Groundball, 4D)
Top of the 3rd over - 1 run, 2 hits, 0 errors, 2 left on base; Santa Fe 3 - Key West 0
BOTTOM OF THE 3RD
Key West Barracudas batting - Pitching for Santa Fe Diablos : RHP Josh Carson
Batting: RHB Anastasio Zartuche 0-0: Called Strike
0-1: Ground out 5-3 (Groundball, 56)
Batting: LHB Mauro Díaz 0-0: Called Strike
0-1: Ball
1-1: Ball
2-1: Foul Ball, location: 2F
2-2: Ball
3-2: Foul Ball, location: 2F
3-2: Foul Ball, location: 2F
3-2: Ground out 6-3 (Groundball, 6)
Batting: LHB Juan Lima 0-0: Ball
1-0: Foul Ball, location: 2F
1-1: Foul Ball, location: 2F
1-2: Ball
2-2: Ground out 4-3 (Groundball, 4D)
Bottom of the 3rd over - 0 runs, 0 hits, 0 errors, 0 left on base; Santa Fe 3 - Key West 0
TOP OF THE 4TH
Santa Fe Diablos batting - Pitching for Key West Barracudas : RHP Chuck Davies
Batting: RHB Nate Atkinson 0-0: Ball
1-0: Foul Ball, location: 2F
1-1: Foul Ball, location: 2F
1-2: Ball
2-2: Ball
3-2: Ground out 6-3 (Groundball, 6)
Batting: LHB Luis Gallegos 0-0: Called Strike
0-1: Swinging Strike
0-2: Hit by Pitch
Pitching: RHP Culley Booth
Batting: LHB David Hernández 0-0: Ball
1-0: Foul Ball, location: 2F
1-1: Ball
2-1: Ball
3-1: Called Strike
3-2: Base on Balls
Luis Gallegos to second
Batting: LHB Juan Torres 0-0: Ball
1-0: Foul Ball, location: 2F
1-1: Foul Ball, location: 2F
1-2: Ball
2-2: Ball
3-2: Strikes out swinging
Batting: LHB Merrill Erickson 0-0: Ball
1-0: Fly out, F5 (Popup, 5SF)
Top of the 4th over - 0 runs, 0 hits, 0 errors, 2 left on base; Santa Fe 3 - Key West 0
BOTTOM OF THE 4TH
Key West Barracudas batting - Pitching for Santa Fe Diablos : RHP Josh Carson
Batting: RHB Ramiro Javier 0-0: Ball
1-0: Called Strike
1-1: Ball
2-1: Ball
3-1: Base on Balls
Batting: SHB Eric Pimentel 0-0: Ball
1-0: Foul Ball, location: 2F
1-1: Foul Ball, location: 2F
1-2: Ball
2-2: Strikes out looking
Batting: RHB Rob DeWitt 0-0: Called Strike
0-1: Ball
1-1: Ball
2-1: Swinging Strike
2-2: Ball
3-2: Grounds into double play, 6-4-3 (Groundball, 6)
Bottom of the 4th over - 0 runs, 0 hits, 0 errors, 0 left on base; Santa Fe 3 - Key West 0
TOP OF THE 5TH
Santa Fe Diablos batting - Pitching for Key West Barracudas : RHP Culley Booth
Batting: LHB Arturo Rodledo 0-0: Swinging Strike
0-1: Swinging Strike
0-2: Foul Ball, location: 2F
0-2: Foul Ball, location: 2F
0-2: Strikes out swinging
Batting: RHB Frank Martínez 0-0: Ball
1-0: SINGLE (Line Drive, 9S)
Batting: SHB Ángel Díaz 0-0: Ball
1-0: Swinging Strike
1-1: Swinging Strike
1-2: Strikes out looking
Batting: RHB Nick Vogel 0-0: Ball
1-0: Ball
Passed Ball!
Frank Martínez to second
2-0: Called Strike
2-1: 2-RUN HOME RUN (Flyball, 7LD), Distance : 347 ft
Batting: RHB Nate Atkinson 0-0: Ball
1-0: Foul Ball, location: 2F
1-1: Foul Ball, location: 2F
1-2: Ball
2-2: Strikes out swinging
Top of the 5th over - 2 runs, 2 hits, 0 errors, 0 left on base; Santa Fe 5 - Key West 0
BOTTOM OF THE 5TH
Key West Barracudas batting - Pitching for Santa Fe Diablos : RHP Josh Carson
Batting: RHB Cris Lugo 0-0: Called Strike
0-1: SINGLE (Line Drive, 56D)
Batting: SHB Brock Owens 0-0: Called Strike
0-1: Foul Ball, location: 2F
0-2: Ball
1-2: Ball
2-2: Strikes out swinging
Batting: LHB Howard White 0-0: Fly out, F9 (Line Drive, 89S)
Batting: RHB Anastasio Zartuche 0-0: Ball
1-0: Ball
2-0: Called Strike
Cris Lugo steals 2nd base
2-1: Ground out 6-3 (Groundball, 6M)
Bottom of the 5th over - 0 runs, 1 hit, 0 errors, 1 left on base; Santa Fe 5 - Key West 0
TOP OF THE 6TH
Santa Fe Diablos batting - Pitching for Key West Barracudas : RHP Culley Booth
Batting: LHB Luis Gallegos 0-0: Ball
1-0: Ground out 4-3 (Groundball, 4)
Batting: LHB David Hernández 0-0: Ball
1-0: Ball
2-0: Ball
3-0: Called Strike
3-1: Base on Balls
Batting: LHB Juan Torres 0-0: Ball
Passed Ball!
David Hernández to second
1-0: Ball
2-0: Ball
3-0: Called Strike
3-1: Ground out 4-3 (Groundball, 4)
David Hernández to third
Batting: LHB Merrill Erickson 0-0: Called Strike
0-1: 2-RUN HOME RUN (Flyball, 9D), Distance : 413 ft
Batting: LHB Arturo Rodledo 0-0: Foul Ball, location: 2F
0-1: Foul Ball, location: 2F
0-2: Ground out U3 (Groundball, 3S)
Top of the 6th over - 2 runs, 1 hit, 0 errors, 0 left on base; Santa Fe 7 - Key West 0
BOTTOM OF THE 6TH
Key West Barracudas batting - Pitching for Santa Fe Diablos : RHP Josh Carson
Batting: LHB Mauro Díaz 0-0: Swinging Strike
0-1: Foul Ball, location: 2F
0-2: Ball
1-2: Foul Ball, location: 2F
1-2: Strikes out swinging
Batting: LHB Juan Lima 0-0: Ball
1-0: Called Strike
1-1: Ball
2-1: Swinging Strike
2-2: Ground out U3 (Groundball, 34S)
Batting: RHB Ramiro Javier 0-0: Called Strike
0-1: Foul Ball, location: 2F
0-2: Strikes out swinging
Bottom of the 6th over - 0 runs, 0 hits, 0 errors, 0 left on base; Santa Fe 7 - Key West 0
TOP OF THE 7TH
Santa Fe Diablos batting - Pitching for Key West Barracudas : RHP Culley Booth
Batting: RHB Frank Martínez 0-0: Called Strike
0-1: Ball
1-1: Ball
2-1: Ball
3-1: Base on Balls
Batting: SHB Ángel Díaz 0-0: Called Strike
0-1: Swinging Strike
0-2: Ball
Wild Pitch!
Frank Martínez to second
1-2: Strikes out looking
Batting: RHB Nick Vogel 0-0: Ball
1-0: Swinging Strike
1-1: Ball
2-1: Foul Ball, location: 2F
2-2: Strikes out swinging
Batting: RHB Nate Atkinson 0-0: Ball
1-0: Foul Ball, location: 2F
1-1: DOUBLE (Line Drive, 89M)
Frank Martínez scores
Batting: LHB Luis Gallegos 0-0: Ball
1-0: Ball
2-0: Ball
3-0: Base on Balls
Batting: LHB David Hernández 0-0: Ball
1-0: Ball
2-0: Ball
3-0: Called Strike
3-1: SINGLE (Line Drive, 56D)
Nate Atkinson to third
Luis Gallegos to second
Runner from 3rd tries for Home, SAFE, throw made home
Batting: LHB Juan Torres 0-0: Ball
1-0: Reached on error, E5 (Groundball, 56)
Luis Gallegos to third
David Hernández to second
Batting: LHB Merrill Erickson 0-0: Swinging Strike
0-1: Fielders Choice at 2nd, 5-4 (Groundball, 5L)
Top of the 7th over - 2 runs, 2 hits, 1 error, 3 left on base; Santa Fe 9 - Key West 0
BOTTOM OF THE 7TH
Key West Barracudas batting - Pitching for Santa Fe Diablos : RHP Josh Carson
Now in LF: Luis Torres
Batting: SHB Eric Pimentel 0-0: Ball
1-0: Called Strike
1-1: Foul Ball, location: 2F
1-2: Strikes out looking
Batting: RHB Rob DeWitt 0-0: Ball
1-0: Ball
2-0: Called Strike
2-1: Fly out, F8 (Flyball, 8LS)
Batting: RHB Cris Lugo 0-0: Swinging Strike
0-1: Swinging Strike
0-2: Ball
1-2: Foul Ball, location: 2F
1-2: Ground out 6-3 (Groundball, 6)
Bottom of the 7th over - 0 runs, 0 hits, 0 errors, 0 left on base; Santa Fe 9 - Key West 0
TOP OF THE 8TH
Santa Fe Diablos batting - Pitching for Key West Barracudas : RHP Culley Booth
Pitching: RHP Mario Díaz
Pinch Hitting: RHB Mike Martin 0-0: Ball
1-0: Ball
2-0: Ball
3-0: Base on Balls
Batting: RHB Frank Martínez 0-0: Ball
1-0: Called Strike
1-1: Ball
2-1: Ball
3-1: Called Strike
3-2: Foul Ball, location: 2F
3-2: SINGLE (Line Drive, 56)
Mike Martin to second
Batting: SHB Ángel Díaz 0-0: Ball
1-0: Called Strike
1-1: Called Strike
1-2: Grounds into double play, 6-4-3 (Groundball, 6)
Mike Martin to third
Batting: RHB Nick Vogel 0-0: Ball
1-0: Called Strike
1-1: Ball
2-1: Ball
3-1: Swinging Strike
3-2: Base on Balls
Batting: RHB Nate Atkinson 0-0: Called Strike
0-1: Ball
1-1: Ball
2-1: Foul Ball, location: 2F
2-2: Strikes out looking
Top of the 8th over - 0 runs, 1 hit, 0 errors, 2 left on base; Santa Fe 9 - Key West 0
BOTTOM OF THE 8TH
Key West Barracudas batting - Pitching for Santa Fe Diablos : RHP Josh Carson
Now at 1B: Mike Martin
Now in CF: Carl O'Dell
Batting: SHB Brock Owens 0-0: Ball
1-0: Foul Ball, location: 2F
1-1: Ball
2-1: SINGLE (Groundball, 4MD)
Batting: LHB Howard White 0-0: Foul Ball, location: 2F
0-1: Ball
1-1: Ball
2-1: Foul Ball, location: 2F
2-2: Fly out, F7 (Flyball, 78S)
Batting: RHB Anastasio Zartuche 0-0: Ball
1-0: Reached on error, E6 (Groundball, 6)
Brock Owens to second
Batting: LHB Mauro Díaz 0-0: Fielders Choice at 2nd, 3-6 (Groundball, 3)
Brock Owens to third
Batting: LHB Juan Lima 0-0: Ball
1-0: Swinging Strike
1-1: Foul Ball, location: 2F
1-2: Ball
2-2: Foul Ball, location: 2F
2-2: SINGLE (Groundball, 6MD)
Brock Owens scores
Mauro Díaz to second
Pitching: RHP Jules Pizzonia
Batting: RHB Ramiro Javier 0-0: Fly out, F8 (Line Drive, 89M)
Bottom of the 8th over - 1 run, 2 hits, 1 error, 2 left on base; Santa Fe 9 - Key West 1
TOP OF THE 9TH
Santa Fe Diablos batting - Pitching for Key West Barracudas : RHP Mario Díaz
Batting: LHB Luis Torres 0-0: Ground out U3 (Groundball, 3)
Batting: LHB David Hernández 0-0: Ball
1-0: Ground out 6-3 (Groundball, 6)
Batting: LHB Juan Torres 0-0: Called Strike
0-1: Ball
1-1: Foul Ball, location: 2F
1-2: Ground out 5-3 (Groundball, 56S)
Top of the 9th over - 0 runs, 0 hits, 0 errors, 0 left on base; Santa Fe 9 - Key West 1
BOTTOM OF THE 9TH
Key West Barracudas batting - Pitching for Santa Fe Diablos : RHP Jules Pizzonia
Batting: SHB Eric Pimentel 0-0: Swinging Strike
0-1: Swinging Strike
0-2: Ball
1-2: Ball
2-2: Ball
3-2: Strikes out swinging
Batting: RHB Rob DeWitt 0-0: Ball
1-0: Ball
2-0: DOUBLE (Flyball, 78XD)
Batting: RHB Cris Lugo 0-0: Ball
1-0: Foul Ball, location: 2F
1-1: SINGLE (Groundball, 34D)
Rob DeWitt to third
Batting: SHB Brock Owens 0-0: Called Strike
0-1: Swinging Strike
0-2: Ball
1-2: Ball
2-2: Foul Ball, location: 2F
2-2: Strikes out swinging
Batting: LHB Howard White 0-0: Ball
1-0: Called Strike
1-1: Swinging Strike
1-2: Ball
2-2: Foul Ball, location: 2F
2-2: Strikes out swinging
Bottom of the 9th over - 0 runs, 2 hits, 0 errors, 2 left on base; Santa Fe 9 - Key West 1
Saturday, April 7th, 2018 - OOTP Baseball 18.8 Build 76